 Dungeon Crawl Stone Soup version 0.28-a0-1510-gd0f6b136d3 (webtiles) character file.

Game seed: 7161462731133311949

251 comborobin the Sneak (level 6, 0/32 HPs)
             Began as a Vine Stalker Delver on Jan 15, 2022.
             Slain by Ijyb (6 damage)
             ... on level 4 of the Dungeon.
             The game lasted 00:02:26 (568 turns).

comborobin the Sneak (Vine Stalker Delver)           Turns: 568, Time: 00:02:27

Health: 0/32       AC:  3    Str: 14    XL:     6   Next: 13%
Magic:  0/7        EV: 12    Int: 10    God:
Gold:   6          SH:  0    Dex: 18    Spells: 5/5 levels left

rFire   . . .      SeeInvis .   a - +0 short sword
rCold   . . .      Faith    .   (no shield)
rNeg    . . .      Spirit   +   b - +0 leather armour
rPois   .          Reflect  .   (no helmet)
rElec   .          Harm     .   (no cloak)
rCorr   .          Rampage  .   (no gloves)
Will    .....                   (no boots)
Stlth   +++.......              (no amulet)
HPRegen 0.90/turn               (no ring)
MPRegen 0.10/turn               (no ring)

@: no status effects
A: fangs 2, regeneration 1, magic shield, antimagic bite, no potion heal 2
a: no special abilities


You were on level 4 of the Dungeon.
You visited 1 branch of the dungeon, and saw 3 of its levels.

You collected 6 gold pieces.

Inventory:

Hand Weapons
 a - a +0 short sword (weapon)
Armour
 b - a +0 leather armour (worn)
Scrolls
 c - a scroll of fog
 e - a scroll of fear


   Skills:
 + Level 3.4 Fighting
 - Level 5.2 Short Blades
 - Level 1.5 Dodging
 - Level 6.0 Stealth


You had 5 spell levels left.
You didn't know any spells.
Your spell library was empty.

Dungeon Overview and Level Annotations

Branches:
Dungeon (6/15)
 Temple: D:4-7

Altars:
Dithmenos

Annotations:
D:4 Ijyb


Innate Abilities, Weirdness & Mutations

You have extremely sharp teeth.
Your natural rate of healing is unusually fast.
When hurt, damage is shared between your health and your magic reserves.
Your bite disrupts and absorbs the magic of your enemies.
Potions cannot restore your health.


Message History

Ijyb is almost dead.
Ijyb zaps a wand.
You suddenly lose the ability to move!
Ijyb hits you with a +0 club.
Ijyb zaps a wand.
You easily resist.
Ijyb hits you with a +0 club. Ijyb hits you but does no damage.
Ijyb hits you with a +0 club!
You can move again.
Unknown command.
Unknown command.
You closely miss Ijyb.
Ijyb is almost dead.
Ijyb hits you with a +0 club!
You barely miss Ijyb. You bite Ijyb, but do no damage.
Ijyb is almost dead.
You barely miss Ijyb.
Ijyb is almost dead.
Ijyb zaps a wand.
You suddenly lose the ability to move!
Ijyb hits you with a +0 club! Ijyb hits you with a +0 club.
Ijyb zaps a wand.
You shrug off the repeated paralysis!
The now-empty wand crumbles to dust.
Ijyb hits you but does no damage. Ijyb completely misses you.
You can move again.
Unknown command.
Unknown command.
You hit Ijyb but do no damage.
Ijyb is almost dead.
Ijyb hits you with a +0 club.
* * * LOW HITPOINT WARNING * * *
You hit Ijyb but do no damage. Your bite misses Ijyb.
Ijyb is almost dead.
Ijyb screams, "I dance on your bones!" Ijyb hits you with a +0 club.
* * * LOW HITPOINT WARNING * * *
You hit Ijyb but do no damage.
Ijyb is almost dead.
Ijyb hits you with a +0 club!
You die...

......# #.# #.####.## #
......######.#########.####.#####
......†..........................
.....>...........................
......################.####......
#########.................'......
*...........###.####.####......
*...........###g####.# #......
*..........g+.@......# #......
*..........)###.###############
*......o....# #.# #.........
*...........# #.# #.........
*......o....# #.#######........
***.........o.# ###.....#........
,,,...........#####.._..#......g.
,,,.........o.....##...##...[....
,,,.#########....................


You could see Ijyb (strong).

Vanquished Creatures
  3 wights (D:6)
  2 hounds
  2 iguanas (D:4)
  2 adder skeletons (D:4)
  A dart slug (D:4)
  An orc (D:4)
  3 ball pythons (D:4)
  An endoplasm (D:4)
  A goblin (D:4)
  A kobold (D:4)
17 creatures vanquished.

Notes
Turn   | Place    | Note
-------+----------+-------------------------------------------
     0 | D:5      | comborobin the Vine Stalker Delver began the quest for the
                  | Orb.
     0 | D:5      | Reached XP level 1. HP: 11/11 MP: 2/2
     1 | D:6      | Noticed a wight
     1 | D:6      | Noticed a wight
     1 | D:6      | Noticed a wight
     1 | D:6      | Noticed a wight
     2 | D:6      | Killed a wight
     3 | D:6      | Reached XP level 2. HP: 16/16 MP: 3/3
     3 | D:6      | Reached XP level 3. HP: 19/19 MP: 4/4
     4 | D:6      | Gained mutation: Your natural rate of healing is unusually
                  | fast. [Vine Stalker growth]
     4 | D:6      | Reached XP level 4. HP: 23/23 MP: 5/5
     6 | D:6      | Reached XP level 5. HP: 27/27 MP: 6/6
    25 | D:6      | Noticed a black bear
    88 | D:4      | Noticed Ijyb
    89 | D:4      | Paralysed by Ijyb for 4 turns
    93 | D:4      | HP: 1/25 [iguana (5)]
   112 | D:4      | Found a shadowy altar of Dithmenos.
   166 | D:4      | Reached skill level 5 in Short Blades
   470 | D:4      | Reached XP level 6. HP: 32/32 MP: 7/7
   523 | D:4      | Paralysed by Ijyb for 3 turns
   541 | D:4      | Paralysed by Ijyb for 5 turns
   552 | D:4      | Paralysed by Ijyb for 5 turns
   560 | D:4      | Paralysed by Ijyb for 5 turns
   568 | D:4      | Slain by Ijyb

Illustrated notes

Levels and vault maps discovered:
D:4:      layout_basic, mainiacjoe_overflow_alcove_1, hangedman_feature_mirror,
          uniq_menkaure, uniq_natasha, uniq_ijyb
D:5:      layout_gridville, zin_scriptorium, serial_park_tiny_1, uniq_edmund
D:6:      layout_basic, mainiacjoe_overflow_divided_tiny, lemuel_tele_altar,
          minmay_temple_entry_wispy, serial_bayou, serial_bayou_pond_d,
          serial_bayou_lagoon_a, serial_bayou_pond_a, serial_bayou_pond_e

Skill      XL: |  1  2  3  4  5 |
---------------+----------------+-----
Short Blades   | 3 4 5 |  5.2
Fighting       | 3 |  3.4
Dodging        | |  1.5
Stealth        | |  6.0

Action                   |  1- 3 |  4- 6 || total
-------------------------+-------+-------++-------
Melee: Short sword       |     2 |    60 ||    62
       Bite              |       |    19 ||    19
Evoke: Wand              |       |     3 ||     3
  Use: Scroll            |       |     1 ||     1
       Potion            |       |     1 ||     1
 Stab: Sleeping          |     2 |     6 ||     8
       Distracted        |       |     1 ||     1
Armor: Leather armour    |       |    13 ||    13
Dodge: Dodged            |       |    23 ||    23

Table legend: (Time is in decaauts)
 A = Elapsed time spent in this place.
 B = Non-inter-level travel time spent in this place.
 C = Inter-level travel time spent in this place.
 D = Time resting spent in this place.
 E = Time spent auto-exploring this place.
 F = Levels seen in this place.
 G = Mean time per level.
                   A        B        C        D        E       F      G
               +--------+--------+--------+--------+--------+-----+--------+
         Total |    541 |    541 |      0 |    106 |    141 |   3 |  180.3 |
       Dungeon |    541 |    541 |      0 |    106 |    141 |   3 |  180.3 |
               +--------+--------+--------+--------+--------+-----+--------+

Top non-repeatable levels by time:
     D:4: 456 daAuts
     D:6: 56 daAuts
     D:5: 28 daAuts
